 Dungeon Crawl Stone Soup version 0.31-a0-240-gb923e448b6 (webtiles) character file.

Game seed: 10661325455941660249

632 qw the Skirmisher (level 7, -7/59 HPs)
             Began as a Minotaur Hexslinger on July 12, 2023.
             Succumbed to a water moccasin's poison
             ... on level 5 of the Dungeon.
             The game lasted 00:01:07 (3486 turns).

qw the Skirmisher (Minotaur Hexslinger)             Turns: 3486, Time: 00:01:07

Health: -7/59      AC:  6    Str: 16    XL:     7   Next: 24%
Magic:  7/7        EV: 11    Int:  9    God:
Gold:   137        SH:  5    Dex: 14    Spells: 7/8 levels left

rFire   . . .        Y - +3 arbalest (flame)
rCold   . . .        (shield currently unavailable)
rNeg    . . .        d - +0 ring mail
rPois   .            (helmet restricted)
rElec   .            (no cloak)
rCorr   .            (no gloves)
SInv    .            g - +0 pair of boots {Stlth+}
Will    .....        f - amulet of reflection
Stlth   ++           (no ring)
HPRegen 0.29/turn    (no ring)
MPRegen 0.10/turn

%: reflection
@: lethally poisoned (-7 -> -34), about to teleport
A: horns 2, retaliatory headbutt, strong 1
a: no special abilities


You were on level 5 of the Dungeon.
You visited 1 branch of the dungeon, and saw 5 of its levels.

You collected 159 gold pieces.
You spent 22 gold pieces at shops.


Innate Abilities, Weirdness & Mutations

You have a pair of horns on your head.
You reflexively headbutt those who attack you in melee.
Your muscles are strong. (Str +4, Int/Dex -1)


   Skills:
 + Level 4.0 Fighting
 - Level 8.0 Ranged Weapons
 - Level 1.0 Armour
 - Level 2.1 Dodging
 - Level 1.0 Spellcasting
 - Level 2.0 Hexes


You had 7 spell levels left.
You knew the following spells:

 Your Spells              Type           Power      Damage    Failure   Level
a - Slow                  Hex            16%        N/A       30%         1

Your spell library contained the following spells:

 Spells                   Type           Power      Damage    Failure   Level
 Inner Flame              Hex/Fire       2%         N/A       80%         3
 Portal Projectile        Hex/Tloc       4%         N/A       80%         3
 Cause Fear               Hex            2%         N/A       97%         4

Inventory:

Hand Weapons
 Y - a +3 arbalest of flaming (weapon)
Armour
 d - a +0 ring mail (worn)
 e - a +2 robe of willpower
 g - a +0 pair of boots of stealth (worn)
 k - the +0 ring mail "Isaq" {rN+ Str+3 Dex+3}
   (You found it on level 5 of the Dungeon)

   Str:       It affects your strength (+3).
   Dex:       It affects your dexterity (+3).
   rN:        It protects you from negative energy.
Jewellery
 f - an amulet of reflection (around neck)
Scrolls
 a - 3 scrolls of identify
 h - a scroll of teleportation
 i - a scroll of revelation {unknown}
Potions
 b - a potion of mutation
 c - 4 potions of curing
 j - a potion of attraction {unknown}
 l - a potion of brilliance {unknown}

Dungeon Overview and Level Annotations

Branches:
Dungeon (5/15)
 Temple: D:4-7

Altars:
Vehumet

Shops:
D:2 :*?   D:3 [

Annotations:
D:5 3 runed translucent doors, qw's ghost, amateur DEHu; qw's ghost, novice MiHs


Message History

You shoot a bolt.
The bolt barely misses the water moccasin.
The water moccasin closely misses you. The water moccasin misses you.
You shoot a bolt. The bolt misses the water moccasin.
The water moccasin bites you.
You are poisoned.
The water moccasin poisons you! The water moccasin bites you!
You are more poisoned.
The water moccasin poisons you!
You shoot a bolt. The bolt misses the water moccasin.
You feel extremely sick. The water moccasin barely misses you.
You furiously retaliate!
You headbutt the water moccasin. You block the water moccasin's attack.
You shoot a bolt.
The bolt closely misses the water moccasin.
You feel very sick.
The water moccasin bites you but does no damage.
The water moccasin bites you. The water moccasin closely misses you.
You shoot a bolt. The bolt hits the water moccasin!
The bolt burns the water moccasin.
The water moccasin is severely wounded.
You feel very sick. The water moccasin bites you! The water moccasin bites you.
You are lethally poisoned!
The water moccasin poisons you!
You shoot a bolt. The bolt hits the water moccasin.
The bolt burns the water moccasin.
The water moccasin is almost dead.
You feel extremely sick. The water moccasin barely misses you.
The water moccasin closely misses you.
3485 ||| READING 2 scrolls of teleportation.
As you read the scroll of teleportation, it crumbles to dust.
You feel strangely unstable.
You feel very sick. You block the water moccasin's attack.
The water moccasin bites you!
You are more poisoned.
The water moccasin poisons you!
You shoot a bolt.
The bolt closely misses the water moccasin.
You die...

############.....####....##.##
#####..........# #....##.#
###..............# #.^..##.#
....%.........#### #.###....#
.......####...# #. #...##
###.#...#.#...# #. #.#.#
....#.[#.#..#.###. ####.#.#
######.####.#...S# #......#
#.. .......@# #.....##
####.##.....####....##
#................#
#################


You could see a water moccasin.

Vanquished Creatures
  A kobold brigand (D:5)
  A scorpion (D:5)
  2 hounds (D:5)
  2 orc priests
  A jelly (D:5)
  A gnoll bouda (D:5)
  3 orc wizards
  8 gnolls
  8 adders
  A shadow imp (D:5)
  An ufetubus (D:4)
  A worm (D:2)
  11 orcs
  3 bats
  6 endoplasms
  2 giant cockroaches (D:1)
  7 goblins
  5 hobgoblins
  9 jackals
  5 kobolds
  4 quokkas
  4 ball pythons
  A frilled lizard (D:2)
  2 rats (D:2)
89 creatures vanquished.

Notes
Turn   | Place    | Note
-------+----------+-------------------------------------------
     0 | D:1      | qw the Minotaur Hexslinger began the quest for the Orb.
     0 | D:1      | Reached XP level 1. HP: 16/16 MP: 1/1
     0 | D:1      | 0 ||| qw: Version: 0.3-a-52-g30416fa
     0 | D:1      | 0 ||| qw: Game counter: 6137
     0 | D:1      | 0 ||| qw: Melee chars always use a shield: true
     0 | D:1      | 0 ||| qw: God list: Okawaru
     0 | D:1      | 0 ||| qw: Allow faded altars: false
     0 | D:1      | 0 ||| qw: Do Orc after clearing Dungeon:15 true
     0 | D:1      | 0 ||| qw: Do second Lair branch before Depths: true
     0 | D:1      | 0 ||| qw: Lair rune preference: random
     0 | D:1      | 0 ||| qw: Goals: Normal
     0 | D:1      | 0 ||| PLANNING D:1-11
   260 | D:1      | Reached skill level 3 in Ranged Weapons
   260 | D:1      | Reached XP level 2. HP: 23/23 MP: 2/2
   492 | D:1      | HP: 6/24 [jackal (3)]
   494 | D:1      | HP: 1/24 [jackal (2)]
   892 | D:1      | 892 ||| UPGRADING to +0 ring mail.
   902 | D:1      | 902 ||| DROPPING +0 robe.
   903 | D:1      | 903 ||| UPGRADING to +0 pair of boots of stealth.
   908 | D:1      | 908 ||| UPGRADING to amulet of reflection.
   913 | D:1      | 913 ||| READING scroll labelled TYORGH CIPP.
   914 | D:1      | 914 ||| READING scroll labelled ROGACVARU.
   915 | D:1      | 915 ||| DROPPING scroll of poison.
   944 | D:2      | Found Resil's Magic Scroll Shoppe.
   965 | D:2      | 965 ||| SHOPLISTING scroll of enchant armour (82 gold, have
                  | 40).
   965 | D:2      | 965 ||| SHOPLISTING scroll of enchant weapon (82 gold, have
                  | 40).
   965 | D:2      | 965 ||| BUYING scroll of identify (22 gold).
   965 | D:2      | Bought a scroll of identify for 22 gold pieces
   965 | D:2      | 965 ||| SHOPLISTING scroll of identify (22 gold, have 18).
   965 | D:2      | 965 ||| SHOPLISTING scroll of teleportation (33 gold, have
                  | 18).
   978 | D:2      | Found Kulekaj's General Store.
   987 | D:2      | 987 ||| SHOPLISTING potion of resistance (100 gold, have
                  | 18).
   987 | D:2      | 987 ||| SHOPLISTING scroll of identify (20 gold, have 18).
  1016 | D:2      | Reached XP level 3. HP: 28/29 MP: 3/3
  1075 | D:2      | Reached skill level 4 in Ranged Weapons
  1155 | D:2      | 1155 ||| SWAPPING to +0 arbalest.
  1157 | D:2      | 1157 ||| DROPPING +1 sling.
  1341 | D:2      | Reached skill level 1 in Armour
  1357 | D:2      | Found Giudd's Book Emporium.
  1542 | D:2      | 1542 ||| READING 2 scrolls labelled UFOQ ONEDEWN.
  1543 | D:2      | 1543 ||| READING 3 scrolls labelled MOEKHLO HUILYKH.
  1547 | D:2      | 1547 ||| READING 3 scrolls of identify.
  1547 | D:2      | 1547 ||| IDENTIFYING fuming ruby potion
  1548 | D:2      | 1548 ||| READING 2 scrolls of identify.
  1548 | D:2      | 1548 ||| IDENTIFYING sedimented amethyst potion
  1549 | D:2      | 1549 ||| DROPPING scroll of noise.
  1580 | D:3      | Found Jatieq's Armour Shoppe.
  1615 | D:3      | Reached XP level 4. HP: 34/36 MP: 4/4
  1618 | D:3      | Reached skill level 5 in Ranged Weapons
  1622 | D:3      | HP: 7/37 [orc priest/+0 flail (8)]
  1623 | D:3      | 1623 ||| READING 2 scrolls of teleportation.
  1624 | D:3      | 1624 ||| DRINKING potion of heal wounds.
  1627 | D:3      | Reached skill level 3 in Fighting
  1627 | D:3      | Reached XP level 5. HP: 30/45 MP: 5/5
  1966 | D:3      | Identified the orb of Ignis's Castigation {mayhem, rPois
                  | Str+4 Dex-2}
  1973 | D:3      | Found a radiant altar of Vehumet.
  2049 | D:3      | 2049 ||| READING 3 scrolls labelled RUASSOJETH.
  2050 | D:3      | 2050 ||| READING 2 scrolls of enchant weapon.
  2050 | D:3      | 2050 ||| ENCHANTING +1 arbalest.
  2051 | D:3      | 2051 ||| READING scroll of enchant weapon.
  2051 | D:3      | 2051 ||| ENCHANTING +2 arbalest.
  2052 | D:3      | 2052 ||| READING scroll labelled OLLIOGU HUNUOGH.
  2053 | D:3      | 2053 ||| READING 2 scrolls of identify.
  2053 | D:3      | 2053 ||| IDENTIFYING red potion
  2054 | D:3      | 2054 ||| DROPPING potion of invisibility.
  2603 | D:4      | Reached skill level 6 in Ranged Weapons
  2614 | D:4      | Reached XP level 6. HP: 23/52 MP: 6/6
  2614 | D:4      | HP: 13/52 [orc priest/divine providence (10)]
  2615 | D:4      | 2615 ||| READING 3 scrolls of teleportation.
  2962 | D:4      | 2962 ||| READING scroll labelled LIYCZA QIS CYL.
  2963 | D:4      | 2963 ||| READING scroll labelled IMAMOIMNOT.
  2964 | D:4      | 2964 ||| DRINKING 2 murky inky potions.
  2964 | D:4      | Gained mutation: Your muscles are strong. (Str +4, Int/Dex
                  | -1) [potion of mutation]
  2965 | D:4      | 2965 ||| DRINKING 2 emerald potions.
  2983 | D:4      | 2983 ||| DROPPING potion of lignification.
  3034 | D:5      | Entered Level 5 of the Dungeon
  3034 | D:5      | Noticed qw's ghost (amateur DEHu)
  3034 | D:5      | Noticed qw's ghost (novice MiHs)
  3034 | D:5      | Found a runed translucent gate.
  3034 | D:5      | Found a runed translucent gate.
  3034 | D:5      | Found a runed translucent gate.
  3076 | D:5      | 3076 ||| Stepping ~*~*~tactically~*~*~ (outnumbered).
  3081 | D:5      | 3081 ||| Stepping ~*~*~tactically~*~*~ (outnumbered).
  3224 | D:5      | Reached skill level 7 in Ranged Weapons
  3341 | D:5      | Reached XP level 7. HP: 35/59 MP: 7/7
  3344 | D:5      | Reached skill level 8 in Ranged Weapons
  3469 | D:5      | Identified the +0 ring mail "Isaq" {rN+ Str+3 Dex+3}
  3484 | D:5      | HP: 13/59 [poisoned by a water moccasin]
  3485 | D:5      | 3485 ||| READING 2 scrolls of teleportation.
  3485 | D:5      | HP: 3/59 [water moccasin (7)]
  3486 | D:5      | Succumbed to a water moccasin's poison

Levels and vault maps discovered:
D:1:      elethiomel_arrival_infinity_welcomes_careful_drivers,
          layout_loops_ring
D:2:      layout_basic, serial_shops, shop, shop, nicolae_shop_tiny_waterfront,
          minmay_pentomino_p2
D:3:      layout_rooms, nicolae_vehumet_radiance, serial_shops, shop,
          kennysheep_generic_room_11
D:4:      layout_basic
D:5:      cheibrodos_quashed, layout_loops_ring,
          minmay_temple_entry_gardened_gates, gammafunk_ghost_cemetery,
          serial_glass, glass_columns_b, glass_columns_a, minivault_24,
          serial_bayou_pond_b, chequers_serial_rivers_micro_e,
          minmay_misc_feat_tiny, serial_bayou_lake_a

Skill      XL: |  1  2  3  4  5  6  7 |
---------------+----------------------+-----
Ranged Weapons | 3 4 5 6 7 8 |  8.0
Fighting       | 2 3 4 |  4.0
Armour         | 1 |  1.0
Dodging        | |  2.1
Spellcasting   | |  1.0
Hexes          | |  2.0

Action                     |  1- 3 |  4- 6 |  7- 9 || total
---------------------------+-------+-------+-------++-------
   Fire: Sling             |    91 |       |       ||    91
         Arbalest          |    22 |   102 |    10 ||   134
    Use: Scroll            |     6 |     9 |     1 ||    16
         Potion            |       |     3 |       ||     3
 Armour: Robe              |     7 |       |       ||     7
         Ring mail         |     7 |     8 |     1 ||    16
  Dodge: Dodged            |    28 |    25 |     6 ||    59
  Block: Other             |     4 |    15 |     2 ||    21
         Reflection        |     1 |       |       ||     1

Table legend:
 A = Non-vault XP
 B = Vault XP
 C = Vault XP percentage of total XP
 D = Non-vault monster count
 E = Vault monster count
 F = Vault count percentage of total count
                 A         B        C        D         E       F
            +---------+---------+-------+---------+---------+-------
      Total |     788 |     116 |  12.8 |      83 |       6 |   6.7
            +---------+---------+-------+---------+---------+-------
        D:1 |      34 |       0 |   0.0 |      18 |       0 |   0.0
        D:2 |      56 |       2 |   3.4 |      17 |       2 |  10.5
        D:3 |     135 |      16 |  10.6 |      11 |       2 |  15.4
        D:4 |     194 |       0 |   0.0 |      21 |       0 |   0.0
        D:5 |     369 |      98 |  21.0 |      16 |       2 |  11.1
            +---------+---------+-------+---------+---------+-------
